[ PARTIDA AOE2 · #484431108 ]
UnrankedJemeres vs Persians
[ ANÁLISIS DE REPETICIÓN · EXTRAÍDO DE LA PARTIDA GRABADA ]
Feudal
—
Castillos
—
Imperial
—
| APM promedio | 34.5 |
| APM pico | 84 |
| eAPM promedio | 27.4 |
| Aldeanos / militares | 197 / 2589 |
Foco
⚔️ 52.0% · 🌾 48.0%
Battle Elephant ×1792 · Scorpion ×324 · Mangonel ×239 · Scout Cavalry ×165 · Trade Cart ×147 · Battering Ram ×64
Feudal
—
Castillos
—
Imperial
—
| APM promedio | 24.0 |
| APM pico | 160 |
| eAPM promedio | 21.4 |
| Aldeanos / militares | 211 / 2416 |
Foco
⚔️ 52.1% · 🌾 47.9%
War Elephant ×1388 · Knight ×542 · Scout Cavalry ×240 · Trade Cart ×150 · Scorpion ×111 · Bombard Cannon ×110
Feudal
—
Castillos
—
Imperial
—
| APM promedio | 30.4 |
| APM pico | 83 |
| eAPM promedio | 23.2 |
| Aldeanos / militares | 221 / 1834 |
Foco
⚔️ 41.6% · 🌾 58.4%
Scorpion ×790 · Mangonel ×439 · Woad Raider ×170 · Battering Ram ×163 · Scout Cavalry ×140 · Trade Cart ×133
Feudal
—
Castillos
—
Imperial
—
| APM promedio | 24.3 |
| APM pico | 83 |
| eAPM promedio | 22.1 |
| Aldeanos / militares | 358 / 2030 |
Foco
⚔️ 58.3% · 🌾 41.7%
War Elephant ×1334 · Knight ×635 · Trade Cart ×161 · Mangonel ×35 · Scorpion ×25 · Monk ×1
Feudal
—
Castillos
—
Imperial
—
| APM promedio | 22.1 |
| APM pico | 233 |
| eAPM promedio | 15.6 |
| Aldeanos / militares | 153 / 337 |
Foco
⚔️ 51.6% · 🌾 48.4%
Mangonel ×326 · Monk ×9 · Steppe Lancer ×2
Feudal
—
Castillos
—
Imperial
—
| APM promedio | 14.7 |
| APM pico | 87 |
| eAPM promedio | 12.0 |
| Aldeanos / militares | 78 / 376 |
Foco
⚔️ 39.1% · 🌾 60.9%
Knight ×177 · Organ Gun ×111 · Monk ×49 · Bombard Cannon ×24 · Mangonel ×15
Feudal
—
Castillos
—
Imperial
—
| APM promedio | 5.3 |
| APM pico | 61 |
| eAPM promedio | 4.6 |
| Aldeanos / militares | 51 / 234 |
Foco
⚔️ 58.0% · 🌾 42.0%
Hussite Wagon ×146 · Bombard Cannon ×64 · Mangonel ×24
Feudal
—
Castillos
—
Imperial
—
| APM promedio | 6.8 |
| APM pico | 108 |
| eAPM promedio | 6.1 |
| Aldeanos / militares | 83 / 477 |
Foco
⚔️ 71.6% · 🌾 28.4%
Jaguar Warrior ×225 · Militia ×216 · Skirmisher ×32 · Trebuchet (Packed) ×4
Mapa de la partida
Recursos iniciales + cada clic de construcción. Líneas = muros · curvas = relieve. ◆ oro · ⬟ piedra · ● bayas · ✦ reliquia · ◌ hueco del cierre
Tu base· ✓ Cerrada en 12:00 · 47t muro · 1 puerta(s)
Base de fahrettinerdem· ✓ Cerrada en 12:00 · 34t muro · 1 puerta(s)
Base de umutcaningin· ✓ Cerrada en 12:00 · 14t muro · sin puerta
Base de CowMaster's Sidekick· ✓ Cerrada en 12:00 · 0t muro · sin puerta
Base de Ryαn· ✓ Cerrada en 12:00 · 16t muro · 2 puerta(s)
Base de Peranofonte· ✓ Cerrada en 12:00 · 0t muro · sin puerta
Base de pamukkale· ✓ Cerrada en 12:00 · 32t muro · 1 puerta(s)
Base de elessar· ✓ Cerrada en 12:00 · 0t muro · sin puerta
Terreno inicial suavizado · ◌ = hueco del cierre detectado · pasá el cursor para detalles
Inputs por minuto
— CowMaster22 - - fahrettinerdem
Build order — CowMaster22
Primeras 150 de 1355 acciones detectadas
| 0:03 | Crear | Villager (Male) ×5 |
| 0:09 | Construir | Town Center |
| 0:11 | Crear | Villager (Male) ×5 |
| 0:12 | Crear | Villager (Male) ×5 |
| 0:15 | Construir | House |
| 0:17 | Construir | House |
| 0:18 | Construir | House |
| 0:19 | Construir | House |
| 0:21 | Construir | House |
| 0:23 | Construir | House |
| 0:37 | Construir | Town Center |
| 0:39 | Construir | Town Center |
| 0:41 | Construir | Town Center |
| 0:43 | Construir | Town Center |
| 0:45 | Construir | Town Center |
| 0:47 | Construir | Town Center |
| 0:51 | Construir | Town Center |
| 0:55 | Crear | Villager (Male) ×5 |
| 0:55 | Crear | Villager (Male) ×5 |
| 0:55 | Crear | Villager (Male) ×5 |
| 0:56 | Crear | Villager (Male) ×5 |
| 1:06 | Construir | House |
| 1:11 | Construir | House |
| 1:15 | Construir | House |
| 1:16 | Construir | House |
| 1:17 | Construir | House |
| 1:17 | Construir | House |
| 1:20 | Construir | House |
| 1:20 | Construir | House |
| 1:21 | Construir | House |
| 1:27 | Crear | Villager (Male) ×4 |
| 1:28 | Crear | Villager (Male) ×4 |
| 1:34 | Crear | Villager (Male) ×5 |
| 1:34 | Crear | Villager (Male) ×5 |
| 1:34 | Crear | Villager (Male) ×5 |
| 1:35 | Crear | Villager (Male) ×5 |
| 1:45 | Construir | Market |
| 1:50 | Construir | Market |
| 1:51 | Construir | Market |
| 1:56 | Construir | Market |
| 1:57 | Construir | Market |
| 1:58 | Construir | Market |
| 1:59 | Construir | Market |
| 2:01 | Construir | Market |
| 2:16 | Crear | Villager (Male) ×5 |
| 2:16 | Crear | Villager (Male) ×5 |
| 2:17 | Crear | Villager (Male) ×5 |
| 2:17 | Crear | Villager (Male) ×5 |
| 2:17 | Crear | Villager (Male) ×5 |
| 2:55 | Crear | Villager (Male) ×5 |
| 2:56 | Crear | Villager (Male) ×5 |
| 2:56 | Crear | Villager (Male) ×5 |
| 2:56 | Crear | Villager (Male) ×5 |
| 3:26 | Construir | Stone Wall |
| 3:32 | Crear | Villager (Male) ×5 |
| 3:32 | Crear | Villager (Male) ×5 |
| 3:33 | Crear | Villager (Male) ×5 |
| 3:33 | Crear | Villager (Male) ×5 |
| 3:33 | Crear | Villager (Male) ×5 |
| 3:50 | Construir | House |
| 3:52 | Construir | House |
| 3:52 | Construir | House |
| 3:53 | Construir | House |
| 3:55 | Construir | House |
| 3:56 | Construir | House |
| 3:59 | Construir | House |
| 4:00 | Construir | House |
| 4:01 | Construir | House |
| 4:02 | Construir | House |
| 4:02 | Construir | House |
| 4:03 | Construir | House |
| 4:04 | Construir | House |
| 4:05 | Construir | House |
| 4:13 | Construir | House |
| 4:13 | Construir | House |
| 4:14 | Construir | House |
| 4:16 | Construir | House |
| 4:20 | Crear | Villager (Male) ×4 |
| 4:22 | Crear | Villager (Male) ×5 |
| 4:27 | Crear | Villager (Male) ×5 |
| 4:27 | Crear | Villager (Male) ×5 |
| 4:28 | Crear | Villager (Male) ×5 |
| 4:34 | Construir | Siege Workshop |
| 4:38 | Construir | Siege Workshop |
| 4:45 | Construir | Siege Workshop |
| 4:48 | Construir | Siege Workshop |
| 4:51 | Construir | Siege Workshop |
| 4:56 | Construir | Siege Workshop |
| 5:07 | Construir | Gate |
| 5:19 | Construir | Stone Wall |
| 5:36 | Crear | Villager (Male) ×5 |
| 5:37 | Crear | Villager (Male) ×5 |
| 5:37 | Crear | Villager (Male) ×5 |
| 5:38 | Crear | Villager (Male) ×5 |
| 5:49 | Construir | Monastery |
| 5:54 | Construir | Stone Wall |
| 5:55 | Construir | Stone Wall |
| 6:10 | Construir | Castle |
| 6:16 | Construir | Castle |
| 6:19 | Construir | Castle |
| 6:25 | Construir | Castle |
| 6:29 | Construir | Castle |
| 6:33 | Construir | Castle |
| 6:36 | Construir | Castle |
| 6:39 | Construir | Mining Camp |
| 6:49 | Crear | Trade Cart ×5 |
| 6:49 | Crear | Trade Cart ×5 |
| 6:50 | Crear | Trade Cart ×5 |
| 6:50 | Crear | Trade Cart ×5 |
| 6:50 | Crear | Trade Cart ×5 |
| 6:51 | Crear | Trade Cart ×5 |
| 6:51 | Crear | Trade Cart ×5 |
| 6:51 | Crear | Trade Cart ×5 |
| 6:52 | Crear | Trade Cart ×5 |
| 6:52 | Crear | Trade Cart ×5 |
| 6:52 | Crear | Trade Cart ×5 |
| 7:01 | Construir | Mining Camp |
| 7:09 | Crear | Mangonel |
| 7:10 | Crear | Mangonel |
| 7:10 | Crear | Mangonel |
| 7:10 | Crear | Mangonel |
| 7:11 | Crear | Mangonel |
| 7:11 | Crear | Mangonel |
| 7:12 | Crear | Mangonel |
| 7:12 | Crear | Mangonel |
| 7:22 | Construir | Mining Camp |
| 7:33 | Crear | Villager (Male) ×5 |
| 7:33 | Crear | Villager (Male) ×5 |
| 7:54 | Construir | Mining Camp |
| 8:02 | Construir | House |
| 8:04 | Construir | House |
| 8:05 | Construir | House |
| 8:10 | Crear | Villager (Male) ×5 |
| 8:11 | Crear | Villager (Male) ×5 |
| 8:28 | Construir | Lumber Camp |
| 8:37 | Construir | Lumber Camp |
| 8:51 | Crear | Monk |
| 8:53 | Construir | House |
| 8:55 | Construir | House |
| 8:58 | Construir | House |
| 9:00 | Construir | House |
| 9:19 | Construir | Stone Wall |
| 9:29 | Construir | Farm |
| 9:30 | Construir | Farm |
| 9:31 | Construir | Farm |
| 9:31 | Construir | Farm |
| 9:31 | Construir | Farm |
| 9:32 | Construir | Farm |
| 9:36 | Construir | Farm |
| 9:37 | Construir | Farm |
Build order — fahrettinerdem
Primeras 150 de 968 acciones detectadas
| 0:14 | Construir | Monastery |
| 0:21 | Construir | Stone Wall |
| 0:24 | Construir | Gate |
| 0:29 | Crear | Villager (Male) ×5 |
| 0:29 | Crear | Villager (Male) ×5 |
| 0:29 | Crear | Villager (Male) ×5 |
| 0:44 | Construir | House |
| 0:45 | Construir | House |
| 0:47 | Construir | House |
| 0:48 | Construir | House |
| 0:49 | Construir | House |
| 0:50 | Construir | House |
| 0:52 | Construir | House |
| 0:53 | Construir | House |
| 0:55 | Construir | House |
| 0:56 | Construir | House |
| 0:58 | Construir | House |
| 0:59 | Construir | House |
| 1:00 | Construir | House |
| 1:01 | Construir | House |
| 1:02 | Construir | House |
| 1:04 | Construir | House |
| 1:05 | Construir | House |
| 1:06 | Construir | House |
| 1:07 | Construir | House |
| 1:09 | Construir | House |
| 1:11 | Construir | House |
| 1:12 | Construir | House |
| 1:13 | Construir | House |
| 1:14 | Construir | House |
| 1:16 | Construir | House |
| 1:17 | Construir | House |
| 1:36 | Construir | Caravanserai |
| 1:40 | Construir | Caravanserai |
| 1:45 | Construir | Caravanserai |
| 1:53 | Construir | Caravanserai |
| 1:56 | Construir | Caravanserai |
| 2:51 | Construir | Siege Workshop |
| 2:52 | Construir | Siege Workshop |
| 2:55 | Construir | Siege Workshop |
| 3:04 | Construir | Market |
| 3:05 | Construir | Market |
| 3:11 | Crear | Monk ×5 |
| 3:41 | Construir | Mining Camp |
| 3:59 | Construir | Town Center |
| 4:03 | Construir | Town Center |
| 4:17 | Construir | Town Center |
| 4:29 | Construir | Mining Camp |
| 4:32 | Crear | Mangonel ×5 |
| 4:33 | Crear | Mangonel ×5 |
| 6:34 | Construir | Stone Wall |
| 6:43 | Construir | Stone Wall |
| 7:18 | Construir | Stone Wall |
| 7:51 | Construir | Stone Wall |
| 9:25 | Crear | Villager (Male) ×5 |
| 9:25 | Crear | Villager (Male) ×5 |
| 9:26 | Crear | Villager (Male) ×5 |
| 9:26 | Crear | Villager (Male) ×5 |
| 9:26 | Crear | Villager (Male) ×5 |
| 9:27 | Crear | Villager (Male) ×5 |
| 9:27 | Crear | Villager (Male) ×5 |
| 9:27 | Crear | Villager (Male) ×5 |
| 9:27 | Crear | Villager (Male) ×5 |
| 9:28 | Crear | Villager (Male) ×5 |
| 9:28 | Crear | Villager (Male) ×5 |
| 9:29 | Crear | Villager (Male) ×5 |
| 9:29 | Crear | Villager (Male) ×5 |
| 9:42 | Crear | Trade Cart ×5 |
| 9:42 | Crear | Trade Cart ×5 |
| 9:42 | Crear | Trade Cart ×5 |
| 9:43 | Crear | Trade Cart ×5 |
| 9:43 | Crear | Trade Cart ×5 |
| 9:43 | Crear | Trade Cart ×5 |
| 10:14 | Construir | Mining Camp |
| 10:31 | Construir | Mining Camp |
| 10:45 | Construir | Town Center |
| 11:02 | Construir | Monastery |
| 11:27 | Construir | Town Center |
| 11:29 | Construir | Town Center |
| 11:41 | Construir | Town Center |
| 11:46 | Construir | Town Center |
| 12:57 | Construir | Stone Wall |
| 12:59 | Construir | Stone Wall |
| 13:09 | Construir | Stone Wall |
| 13:49 | Construir | Mining Camp |
| 13:57 | Crear | Villager (Male) ×5 |
| 13:57 | Crear | Villager (Male) ×5 |
| 13:57 | Crear | Villager (Male) ×5 |
| 13:58 | Crear | Villager (Male) ×5 |
| 13:58 | Crear | Villager (Male) ×5 |
| 13:58 | Crear | Villager (Male) ×5 |
| 13:59 | Crear | Villager (Male) ×5 |
| 13:59 | Crear | Villager (Male) ×5 |
| 13:59 | Crear | Villager (Male) ×5 |
| 14:00 | Crear | Villager (Male) ×5 |
| 14:00 | Crear | Villager (Male) ×5 |
| 14:00 | Crear | Villager (Male) ×5 |
| 14:01 | Crear | Villager (Male) ×5 |
| 14:01 | Crear | Villager (Male) ×5 |
| 14:01 | Crear | Villager (Male) ×5 |
| 14:02 | Crear | Villager (Male) ×5 |
| 14:02 | Crear | Villager (Male) ×5 |
| 14:02 | Crear | Villager (Male) ×5 |
| 14:02 | Crear | Villager (Male) ×5 |
| 14:03 | Crear | Villager (Male) ×5 |
| 14:18 | Construir | Farm |
| 14:18 | Construir | Farm |
| 14:19 | Construir | Farm |
| 14:19 | Construir | Farm |
| 14:20 | Construir | Farm |
| 14:20 | Construir | Farm |
| 14:20 | Construir | Farm |
| 14:21 | Construir | Farm |
| 14:21 | Construir | Farm |
| 14:21 | Construir | Farm |
| 14:22 | Construir | Farm |
| 14:22 | Construir | Farm |
| 14:22 | Construir | Farm |
| 14:23 | Construir | Farm |
| 14:23 | Construir | Farm |
| 14:23 | Construir | Farm |
| 14:24 | Construir | Farm |
| 14:24 | Construir | Farm |
| 14:24 | Construir | Farm |
| 14:25 | Construir | Farm |
| 14:28 | Construir | Farm |
| 14:29 | Construir | Farm |
| 14:29 | Construir | Farm |
| 14:29 | Construir | Farm |
| 14:30 | Construir | Farm |
| 14:30 | Construir | Farm |
| 14:30 | Construir | Farm |
| 14:31 | Construir | Farm |
| 14:31 | Construir | Farm |
| 14:32 | Construir | Farm |
| 14:32 | Construir | Farm |
| 14:32 | Construir | Farm |
| 14:33 | Construir | Farm |
| 14:33 | Construir | Farm |
| 14:37 | Construir | Farm |
| 14:37 | Construir | Farm |
| 14:37 | Construir | Farm |
| 14:38 | Construir | Farm |
| 14:38 | Construir | Farm |
| 14:39 | Construir | Farm |
| 14:39 | Construir | Farm |
| 14:39 | Construir | Farm |
| 14:40 | Construir | Farm |
| 15:19 | Construir | Castle |
| 15:22 | Construir | Castle |
Build order — umutcaningin
Primeras 150 de 876 acciones detectadas
| 0:07 | Construir | Castle |
| 0:11 | Crear | Villager (Male) ×5 |
| 0:12 | Crear | Villager (Male) ×5 |
| 0:17 | Construir | House |
| 1:33 | Construir | House |
| 1:33 | Construir | House |
| 1:33 | Construir | House |
| 1:34 | Construir | House |
| 1:34 | Construir | House |
| 1:35 | Construir | House |
| 1:35 | Construir | House |
| 1:38 | Construir | House |
| 1:41 | Construir | House |
| 1:46 | Investigar | Spies/Treason |
| 1:47 | Investigar | Spies/Treason |
| 1:59 | Construir | Town Center |
| 2:00 | Construir | Town Center |
| 2:02 | Construir | Town Center |
| 2:03 | Construir | Town Center |
| 2:05 | Construir | Town Center |
| 2:06 | Construir | Town Center |
| 2:07 | Construir | Town Center |
| 2:10 | Construir | Town Center |
| 2:12 | Construir | Town Center |
| 3:09 | Construir | Town Center |
| 3:24 | Construir | Mining Camp |
| 3:49 | Crear | Villager (Male) ×5 |
| 3:49 | Crear | Villager (Male) ×5 |
| 3:49 | Crear | Villager (Male) ×5 |
| 3:49 | Crear | Villager (Male) ×5 |
| 3:50 | Crear | Villager (Male) ×5 |
| 3:56 | Construir | House |
| 3:56 | Construir | House |
| 3:57 | Construir | House |
| 3:57 | Construir | House |
| 3:58 | Construir | House |
| 4:35 | Crear | Villager (Male) ×5 |
| 4:35 | Crear | Villager (Male) ×5 |
| 4:35 | Crear | Villager (Male) ×5 |
| 4:36 | Crear | Villager (Male) ×5 |
| 4:36 | Crear | Villager (Male) ×5 |
| 4:36 | Crear | Villager (Male) ×5 |
| 4:37 | Crear | Villager (Male) ×5 |
| 4:37 | Crear | Villager (Male) ×5 |
| 4:59 | Construir | Mining Camp |
| 5:04 | Crear | Villager (Male) ×5 |
| 5:04 | Crear | Villager (Male) ×5 |
| 5:04 | Crear | Villager (Male) ×5 |
| 5:05 | Crear | Villager (Male) ×5 |
| 5:12 | Construir | Monastery |
| 5:35 | Construir | Stone Wall |
| 5:51 | Construir | Stone Wall |
| 6:34 | Construir | Stone Wall |
| 7:00 | Construir | Stone Wall |
| 7:09 | Construir | Stone Wall |
| 7:13 | Construir | Stone Wall |
| 7:26 | Construir | Market |
| 7:27 | Construir | Market |
| 7:27 | Construir | Market |
| 7:27 | Construir | Market |
| 7:29 | Construir | Market |
| 7:30 | Construir | Market |
| 7:32 | Construir | Market |
| 7:38 | Crear | Villager (Male) ×5 |
| 7:38 | Crear | Villager (Male) ×5 |
| 7:39 | Crear | Villager (Male) ×5 |
| 7:39 | Crear | Villager (Male) ×5 |
| 7:39 | Crear | Villager (Male) ×5 |
| 7:39 | Crear | Villager (Male) ×5 |
| 7:40 | Crear | Villager (Male) ×5 |
| 7:45 | Construir | Mining Camp |
| 7:59 | Crear | Monk |
| 8:26 | Construir | Mining Camp |
| 9:10 | Crear | Trade Cart ×5 |
| 9:11 | Crear | Trade Cart ×5 |
| 9:11 | Crear | Trade Cart ×5 |
| 9:11 | Crear | Trade Cart ×5 |
| 9:12 | Crear | Trade Cart ×5 |
| 9:12 | Crear | Trade Cart ×5 |
| 9:12 | Crear | Trade Cart ×5 |
| 9:13 | Crear | Trade Cart ×5 |
| 9:13 | Crear | Trade Cart ×5 |
| 9:13 | Crear | Trade Cart ×5 |
| 9:13 | Crear | Trade Cart ×5 |
| 9:14 | Crear | Trade Cart ×5 |
| 9:14 | Crear | Trade Cart ×5 |
| 9:14 | Crear | Trade Cart ×5 |
| 9:15 | Crear | Trade Cart ×5 |
| 9:15 | Crear | Trade Cart ×5 |
| 9:15 | Crear | Trade Cart ×4 |
| 9:22 | Construir | Mining Camp |
| 9:32 | Construir | Siege Workshop |
| 9:37 | Construir | House |
| 9:37 | Construir | House |
| 9:37 | Construir | House |
| 9:38 | Construir | House |
| 9:38 | Construir | House |
| 9:39 | Construir | House |
| 9:46 | Construir | Mining Camp |
| 9:54 | Construir | Lumber Camp |
| 10:06 | Construir | House |
| 10:06 | Construir | House |
| 10:06 | Construir | House |
| 10:06 | Construir | House |
| 10:07 | Construir | House |
| 10:07 | Construir | House |
| 10:07 | Construir | House |
| 10:08 | Construir | House |
| 10:08 | Construir | House |
| 10:09 | Construir | House |
| 10:09 | Construir | House |
| 10:09 | Construir | House |
| 10:10 | Construir | House |
| 10:10 | Construir | House |
| 10:48 | Construir | Mining Camp |
| 11:14 | Construir | House |
| 11:14 | Construir | House |
| 11:15 | Construir | House |
| 11:15 | Construir | House |
| 11:15 | Construir | House |
| 11:16 | Construir | House |
| 11:16 | Construir | House |
| 11:17 | Construir | House |
| 11:17 | Construir | House |
| 11:29 | Construir | Mining Camp |
| 11:38 | Crear | Mangonel |
| 11:38 | Crear | Mangonel |
| 11:39 | Crear | Mangonel |
| 11:39 | Crear | Mangonel |
| 11:45 | Crear | Villager (Male) ×5 |
| 11:45 | Crear | Villager (Male) ×5 |
| 11:45 | Crear | Villager (Male) ×5 |
| 11:46 | Crear | Villager (Male) ×5 |
| 11:46 | Crear | Villager (Male) ×5 |
| 11:46 | Crear | Villager (Male) ×5 |
| 11:46 | Crear | Villager (Male) ×5 |
| 11:47 | Crear | Villager (Male) ×5 |
| 11:47 | Crear | Villager (Male) ×5 |
| 11:47 | Crear | Villager (Male) ×5 |
| 11:47 | Crear | Villager (Male) |
| 11:54 | Construir | Farm |
| 11:54 | Construir | Farm |
| 11:55 | Construir | Farm |
| 11:55 | Construir | Farm |
| 11:55 | Construir | Farm |
| 11:55 | Construir | Farm |
| 11:56 | Construir | Farm |
| 11:56 | Construir | Farm |
| 11:56 | Construir | Farm |
| 11:57 | Construir | Farm |
Build order — CowMaster's Sidekick
Primeras 150 de 814 acciones detectadas
| 0:06 | Crear | Villager (Male) ×5 |
| 0:06 | Crear | Villager (Male) ×5 |
| 0:07 | Crear | Villager (Male) ×5 |
| 0:20 | Construir | House |
| 0:32 | Construir | Market |
| 0:46 | Construir | Market |
| 0:52 | Construir | House |
| 0:57 | Construir | House |
| 0:59 | Construir | House |
| 1:00 | Construir | House |
| 1:04 | Construir | House |
| 1:06 | Construir | House |
| 1:07 | Construir | House |
| 1:09 | Construir | House |
| 1:10 | Construir | House |
| 1:18 | Construir | Town Center |
| 1:22 | Construir | Town Center |
| 1:27 | Construir | Town Center |
| 1:34 | Construir | Town Center |
| 1:41 | Construir | Town Center |
| 2:11 | Crear | Trade Cart ×5 |
| 2:11 | Crear | Trade Cart ×5 |
| 2:12 | Crear | Trade Cart ×5 |
| 2:12 | Crear | Trade Cart ×5 |
| 2:12 | Crear | Trade Cart ×5 |
| 2:13 | Crear | Trade Cart ×5 |
| 2:13 | Crear | Trade Cart ×5 |
| 3:17 | Crear | Villager (Male) ×5 |
| 3:17 | Crear | Villager (Male) ×5 |
| 3:17 | Crear | Villager (Male) ×5 |
| 3:25 | Crear | Villager (Male) ×5 |
| 3:26 | Crear | Villager (Male) ×5 |
| 3:26 | Crear | Villager (Male) ×5 |
| 3:26 | Crear | Villager (Male) ×5 |
| 3:41 | Crear | Villager (Male) ×5 |
| 3:41 | Crear | Villager (Male) ×5 |
| 3:42 | Crear | Villager (Male) ×5 |
| 3:42 | Crear | Villager (Male) ×5 |
| 3:51 | Crear | Villager (Male) ×5 |
| 3:52 | Crear | Villager (Male) ×5 |
| 3:52 | Crear | Villager (Male) ×5 |
| 4:02 | Construir | Town Center |
| 4:14 | Crear | Villager (Male) ×2 |
| 4:17 | Crear | Villager (Male) |
| 4:18 | Crear | Villager (Male) |
| 4:21 | Crear | Villager (Male) ×5 |
| 4:21 | Crear | Villager (Male) ×5 |
| 4:22 | Crear | Villager (Male) ×5 |
| 4:22 | Crear | Villager (Male) ×5 |
| 4:27 | Crear | Villager (Male) ×2 |
| 4:27 | Crear | Villager (Male) ×2 |
| 4:28 | Crear | Villager (Male) |
| 4:32 | Crear | Villager (Male) ×2 |
| 4:32 | Crear | Villager (Male) ×2 |
| 4:38 | Crear | Villager (Male) ×5 |
| 4:39 | Crear | Villager (Male) ×5 |
| 4:39 | Crear | Villager (Male) ×5 |
| 4:39 | Crear | Villager (Male) ×5 |
| 4:52 | Crear | Trade Cart ×5 |
| 4:52 | Crear | Trade Cart ×5 |
| 5:06 | Construir | Market |
| 5:10 | Construir | Monastery |
| 5:15 | Construir | House |
| 5:17 | Construir | House |
| 5:18 | Construir | House |
| 5:20 | Construir | House |
| 5:22 | Construir | House |
| 5:23 | Construir | House |
| 5:24 | Construir | House |
| 5:27 | Construir | House |
| 5:30 | Construir | House |
| 5:32 | Construir | House |
| 5:34 | Construir | House |
| 5:36 | Construir | House |
| 5:38 | Construir | House |
| 5:40 | Construir | House |
| 5:41 | Construir | House |
| 5:43 | Construir | House |
| 5:44 | Construir | House |
| 5:45 | Construir | House |
| 5:55 | Construir | House |
| 5:56 | Construir | House |
| 5:57 | Construir | House |
| 5:59 | Construir | House |
| 6:02 | Construir | House |
| 6:07 | Construir | House |
| 6:12 | Construir | House |
| 6:13 | Construir | House |
| 6:14 | Construir | House |
| 6:32 | Crear | Trade Cart ×5 |
| 6:33 | Crear | Trade Cart ×5 |
| 6:33 | Crear | Trade Cart ×5 |
| 6:33 | Crear | Trade Cart ×5 |
| 7:03 | Construir | Farm |
| 7:06 | Construir | Farm |
| 7:25 | Crear | Villager (Male) ×5 |
| 7:26 | Crear | Villager (Male) ×5 |
| 7:26 | Crear | Villager (Male) ×5 |
| 7:31 | Crear | Villager (Male) ×5 |
| 7:31 | Crear | Villager (Male) ×5 |
| 7:32 | Crear | Villager (Male) ×5 |
| 7:38 | Crear | Villager (Male) ×5 |
| 7:38 | Crear | Villager (Male) ×5 |
| 7:43 | Crear | Villager (Male) ×5 |
| 7:44 | Crear | Villager (Male) ×5 |
| 7:53 | Crear | Villager (Male) ×5 |
| 7:53 | Crear | Villager (Male) ×5 |
| 7:53 | Crear | Villager (Male) ×4 |
| 8:00 | Crear | Villager (Male) ×5 |
| 8:01 | Crear | Villager (Male) ×5 |
| 8:01 | Crear | Villager (Male) ×5 |
| 8:08 | Crear | Villager (Male) ×5 |
| 8:08 | Crear | Villager (Male) ×5 |
| 8:09 | Crear | Villager (Male) ×5 |
| 8:16 | Crear | Villager (Male) ×2 |
| 8:16 | Crear | Villager (Male) ×2 |
| 8:27 | Crear | Villager (Male) ×2 |
| 8:28 | Crear | Villager (Male) ×3 |
| 8:28 | Crear | Villager (Male) |
| 8:33 | Crear | Trade Cart ×5 |
| 8:33 | Crear | Trade Cart ×5 |
| 8:33 | Crear | Trade Cart ×5 |
| 8:40 | Crear | Villager (Male) ×3 |
| 8:41 | Crear | Villager (Male) ×3 |
| 8:59 | Construir | Castle |
| 9:22 | Construir | Stable |
| 9:24 | Construir | Stable |
| 9:27 | Construir | Stable |
| 9:32 | Construir | Siege Workshop |
| 9:34 | Construir | Siege Workshop |
| 9:41 | Construir | Castle |
| 9:47 | Construir | Stable |
| 9:50 | Construir | Stable |
| 9:56 | Construir | Stable |
| 9:59 | Construir | Stable |
| 10:01 | Construir | Stable |
| 10:04 | Construir | Stable |
| 10:13 | Construir | Castle |
| 10:17 | Construir | Castle |
| 10:19 | Construir | Castle |
| 10:24 | Construir | Castle |
| 10:33 | Construir | Stable |
| 10:36 | Construir | Stable |
| 10:47 | Construir | Stable |
| 10:50 | Construir | Stable |
| 10:58 | Construir | Stable |
| 11:19 | Construir | Mining Camp |
| 12:03 | Crear | Villager (Male) ×5 |
| 12:04 | Crear | Villager (Male) ×5 |
| 12:04 | Crear | Villager (Male) ×5 |
Build order — Ryαn
Primeras 150 de 665 acciones detectadas
| 0:06 | Construir | Town Center |
| 0:10 | Construir | Castle |
| 0:16 | Construir | Stable |
| 0:19 | Crear | Villager (Male) |
| 0:19 | Crear | Villager (Male) |
| 0:19 | Crear | Villager (Male) |
| 0:20 | Crear | Villager (Male) |
| 0:20 | Crear | Villager (Male) |
| 0:21 | Crear | Villager (Male) |
| 0:21 | Crear | Villager (Male) |
| 0:21 | Crear | Villager (Male) |
| 0:49 | Crear | Villager (Male) |
| 0:49 | Crear | Villager (Male) |
| 0:55 | Construir | House |
| 0:56 | Construir | House |
| 0:57 | Construir | House |
| 0:58 | Construir | House |
| 1:03 | Crear | Villager (Male) |
| 1:04 | Crear | Villager (Male) |
| 1:10 | Construir | Town Center |
| 1:12 | Crear | Villager (Male) |
| 1:12 | Crear | Villager (Male) |
| 1:16 | Construir | Town Center |
| 1:20 | Crear | Villager (Male) |
| 1:20 | Crear | Villager (Male) |
| 1:28 | Crear | Steppe Lancer |
| 1:29 | Crear | Steppe Lancer |
| 1:38 | Crear | Villager (Male) |
| 1:38 | Crear | Villager (Male) |
| 1:38 | Crear | Villager (Male) |
| 1:47 | Construir | Town Center |
| 1:53 | Construir | University |
| 1:56 | Crear | Villager (Male) |
| 1:56 | Crear | Villager (Male) |
| 1:56 | Crear | Villager (Male) |
| 1:57 | Crear | Villager (Male) |
| 2:04 | Crear | Villager (Male) |
| 2:05 | Crear | Villager (Male) |
| 2:05 | Crear | Villager (Male) |
| 2:05 | Crear | Villager (Male) |
| 2:06 | Crear | Villager (Male) |
| 2:06 | Crear | Villager (Male) |
| 2:06 | Crear | Villager (Male) |
| 2:07 | Crear | Villager (Male) |
| 2:12 | Construir | Town Center |
| 2:14 | Crear | Villager (Male) |
| 2:15 | Crear | Villager (Male) |
| 2:15 | Crear | Villager (Male) |
| 2:16 | Crear | Villager (Male) |
| 2:17 | Crear | Villager (Male) |
| 2:18 | Crear | Villager (Male) |
| 2:19 | Crear | Villager (Male) |
| 2:19 | Crear | Villager (Male) |
| 2:19 | Crear | Villager (Male) |
| 2:19 | Crear | Villager (Male) |
| 2:19 | Crear | Villager (Male) |
| 2:19 | Crear | Villager (Male) |
| 2:19 | Crear | Villager (Male) |
| 2:19 | Crear | Villager (Male) |
| 2:20 | Crear | Villager (Male) |
| 2:20 | Crear | Villager (Male) |
| 2:20 | Crear | Villager (Male) |
| 2:20 | Crear | Villager (Male) |
| 2:20 | Crear | Villager (Male) |
| 2:20 | Crear | Villager (Male) |
| 2:27 | Construir | Market |
| 2:33 | Construir | Monastery |
| 2:34 | Construir | Monastery |
| 2:39 | Crear | Villager (Male) |
| 2:39 | Crear | Villager (Male) |
| 2:40 | Crear | Villager (Male) |
| 3:05 | Construir | Town Center |
| 3:06 | Crear | Villager (Male) |
| 3:06 | Crear | Villager (Male) |
| 3:06 | Crear | Villager (Male) |
| 3:07 | Crear | Villager (Male) |
| 3:07 | Crear | Villager (Male) |
| 3:07 | Crear | Villager (Male) |
| 3:09 | Construir | Mining Camp |
| 3:12 | Crear | Monk |
| 3:13 | Crear | Monk |
| 3:16 | Crear | Monk |
| 3:16 | Crear | Monk |
| 3:22 | Construir | Monastery |
| 3:23 | Construir | Monastery |
| 3:29 | Construir | Market |
| 3:29 | Construir | Market |
| 3:30 | Construir | Market |
| 3:31 | Construir | Market |
| 3:31 | Construir | Market |
| 3:45 | Construir | Castle |
| 3:51 | Crear | Villager (Male) |
| 3:51 | Crear | Villager (Male) |
| 3:51 | Crear | Villager (Male) |
| 3:51 | Crear | Villager (Male) |
| 3:51 | Crear | Villager (Male) |
| 3:51 | Crear | Villager (Male) |
| 3:51 | Crear | Villager (Male) |
| 3:51 | Crear | Villager (Male) |
| 3:51 | Crear | Villager (Male) |
| 3:51 | Crear | Villager (Male) |
| 3:51 | Crear | Villager (Male) |
| 3:51 | Crear | Villager (Male) |
| 3:51 | Crear | Villager (Male) |
| 3:51 | Crear | Villager (Male) |
| 3:51 | Crear | Villager (Male) |
| 3:52 | Crear | Villager (Male) |
| 3:52 | Crear | Villager (Male) |
| 3:52 | Crear | Villager (Male) |
| 3:52 | Crear | Villager (Male) |
| 3:52 | Crear | Villager (Male) |
| 3:52 | Crear | Villager (Male) |
| 3:54 | Construir | Mining Camp |
| 3:59 | Crear | Monk |
| 3:59 | Crear | Monk |
| 4:01 | Crear | Monk |
| 4:19 | Construir | Stone Wall |
| 4:21 | Construir | Gate |
| 4:23 | Construir | Gate |
| 4:28 | Crear | Monk |
| 4:29 | Crear | Monk |
| 4:41 | Crear | Villager (Male) |
| 4:42 | Crear | Villager (Male) |
| 4:42 | Crear | Villager (Male) |
| 4:43 | Crear | Villager (Male) |
| 4:44 | Crear | Villager (Male) |
| 4:45 | Crear | Villager (Male) |
| 4:45 | Crear | Villager (Male) |
| 4:45 | Crear | Villager (Male) |
| 4:45 | Crear | Villager (Male) |
| 4:45 | Crear | Villager (Male) |
| 4:45 | Crear | Villager (Male) |
| 4:45 | Crear | Villager (Male) |
| 4:45 | Crear | Villager (Male) |
| 4:45 | Crear | Villager (Male) |
| 4:45 | Crear | Villager (Male) |
| 4:45 | Crear | Villager (Male) |
| 4:45 | Crear | Villager (Male) |
| 4:45 | Crear | Villager (Male) |
| 4:45 | Crear | Villager (Male) |
| 4:45 | Crear | Villager (Male) |
| 4:45 | Crear | Villager (Male) |
| 4:45 | Crear | Villager (Male) |
| 4:45 | Crear | Villager (Male) |
| 4:45 | Crear | Villager (Male) |
| 4:45 | Crear | Villager (Male) |
| 4:45 | Crear | Villager (Male) |
| 4:45 | Crear | Villager (Male) |
| 4:45 | Crear | Villager (Male) |
| 4:45 | Crear | Villager (Male) |
Build order — Peranofonte
Primeras 150 de 626 acciones detectadas
| 0:02 | Crear | Villager (Male) |
| 0:04 | Construir | House |
| 0:12 | Crear | Villager (Male) |
| 0:20 | Construir | Monastery |
| 0:22 | Crear | Villager (Male) |
| 0:27 | Construir | House |
| 0:33 | Construir | Town Center |
| 0:35 | Construir | Town Center |
| 0:39 | Construir | Town Center |
| 0:43 | Construir | Town Center |
| 1:04 | Construir | Monastery |
| 1:05 | Crear | Villager (Male) |
| 1:12 | Construir | Feitoria |
| 1:20 | Construir | House |
| 1:22 | Construir | House |
| 1:23 | Construir | House |
| 1:24 | Construir | House |
| 1:26 | Construir | House |
| 1:26 | Construir | House |
| 1:28 | Crear | Villager (Male) |
| 1:29 | Crear | Villager (Male) |
| 1:38 | Construir | Monastery |
| 1:39 | Crear | Monk |
| 1:40 | Crear | Monk |
| 1:54 | Construir | Siege Workshop |
| 2:01 | Construir | Town Center |
| 2:05 | Crear | Monk |
| 2:05 | Crear | Monk |
| 2:13 | Construir | Monastery |
| 2:18 | Crear | Monk |
| 2:18 | Crear | Monk |
| 2:22 | Construir | Feitoria |
| 2:23 | Crear | Villager (Male) |
| 2:25 | Construir | Farm |
| 2:26 | Crear | Villager (Male) |
| 2:26 | Crear | Villager (Male) |
| 2:27 | Crear | Villager (Male) |
| 2:31 | Construir | House |
| 2:32 | Crear | Mangonel |
| 2:33 | Crear | Mangonel |
| 2:36 | Construir | House |
| 2:37 | Construir | House |
| 2:53 | Crear | Monk |
| 2:53 | Crear | Monk |
| 2:54 | Crear | Monk |
| 3:00 | Construir | House |
| 3:01 | Construir | House |
| 3:05 | Crear | Monk |
| 3:34 | Crear | Monk |
| 3:41 | Construir | Feitoria |
| 3:48 | Construir | Town Center |
| 3:48 | Crear | Villager (Male) |
| 3:50 | Construir | House |
| 3:51 | Construir | House |
| 3:53 | Construir | House |
| 3:53 | Construir | House |
| 3:57 | Crear | Villager (Male) |
| 3:58 | Crear | Villager (Male) |
| 3:58 | Crear | Villager (Male) |
| 4:00 | Crear | Villager (Male) |
| 4:45 | Crear | Mangonel |
| 4:45 | Crear | Mangonel |
| 5:08 | Construir | Town Center |
| 5:10 | Crear | Villager (Male) |
| 5:10 | Crear | Villager (Male) |
| 5:11 | Crear | Villager (Male) |
| 5:23 | Crear | Mangonel |
| 6:02 | Crear | Villager (Male) |
| 6:02 | Crear | Villager (Male) |
| 6:42 | Crear | Monk |
| 7:13 | Crear | Villager (Male) |
| 7:14 | Crear | Villager (Male) |
| 7:14 | Crear | Villager (Male) |
| 7:32 | Construir | House |
| 7:33 | Construir | House |
| 7:40 | Construir | Feitoria |
| 7:44 | Construir | Feitoria |
| 7:46 | Construir | House |
| 7:47 | Construir | House |
| 7:48 | Crear | Villager (Male) |
| 7:49 | Crear | Villager (Male) |
| 7:49 | Crear | Villager (Male) |
| 7:51 | Crear | Villager (Male) |
| 7:52 | Crear | Villager (Male) |
| 7:52 | Crear | Villager (Male) |
| 8:55 | Construir | Monastery |
| 8:56 | Crear | Villager (Male) |
| 8:59 | Construir | House |
| 9:00 | Construir | House |
| 9:01 | Construir | House |
| 9:22 | Construir | House |
| 9:23 | Construir | House |
| 9:41 | Crear | Villager (Male) |
| 9:42 | Crear | Villager (Male) |
| 9:42 | Crear | Villager (Male) |
| 9:51 | Crear | Mangonel |
| 9:51 | Crear | Mangonel |
| 10:23 | Construir | Feitoria |
| 10:23 | Crear | Villager (Male) |
| 10:24 | Crear | Villager (Male) |
| 10:54 | Construir | House |
| 10:55 | Construir | House |
| 10:55 | Construir | House |
| 10:55 | Construir | House |
| 11:05 | Construir | Mining Camp |
| 11:18 | Crear | Mangonel |
| 11:18 | Crear | Mangonel |
| 11:44 | Construir | Feitoria |
| 11:48 | Crear | Villager (Male) |
| 11:51 | Construir | House |
| 11:51 | Construir | House |
| 11:56 | Construir | House |
| 11:57 | Construir | House |
| 11:58 | Construir | House |
| 12:01 | Construir | House |
| 12:02 | Construir | House |
| 12:03 | Construir | House |
| 12:03 | Construir | House |
| 12:07 | Crear | Villager (Male) |
| 12:08 | Crear | Villager (Male) |
| 12:08 | Crear | Villager (Male) |
| 12:09 | Crear | Villager (Male) |
| 12:09 | Crear | Villager (Male) |
| 12:10 | Crear | Villager (Male) |
| 12:13 | Crear | Villager (Male) |
| 12:13 | Crear | Villager (Male) |
| 12:38 | Construir | Castle |
| 12:48 | Crear | Villager (Male) |
| 13:10 | Construir | Mining Camp |
| 13:13 | Construir | House |
| 13:14 | Construir | House |
| 13:15 | Crear | Villager (Male) |
| 13:15 | Crear | Villager (Male) |
| 13:16 | Crear | Villager (Male) |
| 13:17 | Crear | Villager (Male) |
| 13:17 | Crear | Villager (Male) |
| 13:24 | Construir | Lumber Camp |
| 13:30 | Crear | Villager (Male) |
| 13:31 | Crear | Villager (Male) |
| 13:32 | Crear | Villager (Male) |
| 13:32 | Crear | Villager (Male) |
| 13:33 | Crear | Villager (Male) |
| 13:34 | Crear | Villager (Male) |
| 13:49 | Crear | Villager (Male) |
| 13:49 | Crear | Villager (Male) |
| 13:50 | Crear | Villager (Male) |
| 13:51 | Crear | Villager (Male) |
| 14:13 | Crear | Mangonel |
| 14:14 | Crear | Mangonel |
| 14:29 | Construir | Castle |
Build order — pamukkale
Primeras 150 de 333 acciones detectadas
| 0:50 | Construir | Stone Wall |
| 2:49 | Construir | Gate |
| 3:12 | Construir | Stone Wall |
| 3:48 | Construir | Town Center |
| 4:03 | Crear | Villager (Male) |
| 4:04 | Crear | Villager (Male) |
| 4:04 | Crear | Villager (Male) |
| 4:04 | Crear | Villager (Male) |
| 4:04 | Crear | Villager (Male) |
| 4:05 | Crear | Villager (Male) |
| 4:05 | Crear | Villager (Male) |
| 4:05 | Crear | Villager (Male) |
| 4:05 | Crear | Villager (Male) |
| 4:06 | Crear | Villager (Male) |
| 4:06 | Crear | Villager (Male) |
| 4:06 | Crear | Villager (Male) |
| 4:06 | Crear | Villager (Male) |
| 4:06 | Crear | Villager (Male) |
| 4:07 | Crear | Villager (Male) |
| 4:07 | Crear | Villager (Male) |
| 4:07 | Crear | Villager (Male) |
| 4:42 | Construir | House |
| 4:44 | Construir | House |
| 4:45 | Construir | House |
| 4:47 | Construir | House |
| 4:49 | Construir | House |
| 4:52 | Construir | House |
| 4:54 | Construir | House |
| 4:55 | Construir | House |
| 5:31 | Construir | Siege Workshop |
| 5:50 | Construir | Siege Workshop |
| 5:55 | Construir | Siege Workshop |
| 6:08 | Construir | Siege Workshop |
| 6:13 | Crear | Bombard Cannon |
| 6:13 | Crear | Bombard Cannon |
| 6:14 | Crear | Bombard Cannon |
| 6:14 | Crear | Bombard Cannon |
| 6:14 | Crear | Bombard Cannon |
| 6:15 | Crear | Bombard Cannon |
| 6:15 | Crear | Bombard Cannon |
| 6:15 | Crear | Bombard Cannon |
| 6:15 | Crear | Bombard Cannon |
| 6:16 | Crear | Bombard Cannon |
| 6:16 | Crear | Bombard Cannon |
| 6:16 | Crear | Bombard Cannon |
| 6:16 | Crear | Bombard Cannon |
| 6:17 | Crear | Bombard Cannon |
| 6:17 | Crear | Bombard Cannon |
| 6:17 | Crear | Bombard Cannon |
| 6:17 | Crear | Bombard Cannon |
| 8:11 | Construir | Siege Workshop |
| 8:21 | Crear | Villager (Male) |
| 8:22 | Crear | Villager (Male) |
| 8:22 | Crear | Villager (Male) |
| 8:22 | Crear | Villager (Male) |
| 8:22 | Crear | Villager (Male) |
| 8:23 | Crear | Villager (Male) |
| 8:23 | Crear | Villager (Male) |
| 8:23 | Crear | Villager (Male) |
| 8:23 | Crear | Villager (Male) |
| 8:24 | Crear | Villager (Male) |
| 8:24 | Crear | Villager (Male) |
| 8:24 | Crear | Villager (Male) |
| 8:25 | Crear | Villager (Male) |
| 8:25 | Crear | Villager (Male) |
| 8:25 | Crear | Villager (Male) |
| 8:25 | Crear | Villager (Male) |
| 8:40 | Construir | House |
| 8:42 | Construir | House |
| 8:44 | Construir | House |
| 8:45 | Construir | House |
| 8:47 | Construir | House |
| 8:49 | Construir | House |
| 8:51 | Construir | House |
| 9:47 | Construir | Castle |
| 10:15 | Construir | Castle |
| 10:47 | Construir | Castle |
| 10:56 | Crear | Bombard Cannon |
| 10:57 | Crear | Bombard Cannon |
| 10:57 | Crear | Bombard Cannon |
| 10:57 | Crear | Bombard Cannon |
| 10:57 | Crear | Bombard Cannon |
| 10:58 | Crear | Bombard Cannon |
| 10:58 | Crear | Bombard Cannon |
| 10:58 | Crear | Bombard Cannon |
| 10:58 | Crear | Bombard Cannon |
| 10:59 | Crear | Bombard Cannon |
| 10:59 | Crear | Bombard Cannon |
| 10:59 | Crear | Bombard Cannon |
| 11:00 | Crear | Bombard Cannon |
| 11:00 | Crear | Bombard Cannon |
| 11:00 | Crear | Bombard Cannon |
| 11:01 | Crear | Bombard Cannon |
| 11:01 | Crear | Bombard Cannon |
| 11:01 | Crear | Bombard Cannon |
| 11:02 | Crear | Bombard Cannon |
| 11:02 | Crear | Bombard Cannon |
| 11:02 | Crear | Bombard Cannon |
| 11:02 | Crear | Bombard Cannon |
| 11:03 | Crear | Bombard Cannon |
| 11:03 | Crear | Bombard Cannon |
| 11:03 | Crear | Bombard Cannon |
| 11:04 | Crear | Bombard Cannon |
| 11:04 | Crear | Bombard Cannon |
| 11:04 | Crear | Bombard Cannon |
| 11:05 | Crear | Bombard Cannon |
| 11:05 | Crear | Bombard Cannon |
| 11:29 | Construir | Mining Camp |
| 11:37 | Crear | Villager (Male) |
| 11:38 | Crear | Villager (Male) |
| 11:38 | Crear | Villager (Male) |
| 11:38 | Crear | Villager (Male) |
| 11:38 | Crear | Villager (Male) |
| 11:39 | Crear | Villager (Male) |
| 12:00 | Construir | Mining Camp |
| 12:21 | Crear | Hussite Wagon |
| 12:21 | Crear | Hussite Wagon |
| 12:55 | Construir | Market |
| 13:05 | Construir | Mining Camp |
| 13:57 | Construir | Lumber Camp |
| 14:22 | Crear | Villager (Male) |
| 14:22 | Crear | Villager (Male) |
| 14:22 | Crear | Villager (Male) |
| 14:22 | Crear | Villager (Male) |
| 14:34 | Construir | University |
| 15:06 | Crear | Hussite Wagon |
| 15:06 | Crear | Hussite Wagon |
| 15:06 | Crear | Hussite Wagon |
| 15:06 | Crear | Hussite Wagon |
| 15:07 | Crear | Hussite Wagon |
| 15:07 | Crear | Hussite Wagon |
| 15:07 | Crear | Hussite Wagon |
| 15:08 | Crear | Hussite Wagon |
| 15:08 | Crear | Hussite Wagon |
| 15:08 | Crear | Hussite Wagon |
| 15:08 | Crear | Hussite Wagon |
| 15:09 | Crear | Hussite Wagon |
| 15:09 | Crear | Hussite Wagon |
| 15:09 | Crear | Hussite Wagon |
| 15:09 | Crear | Hussite Wagon |
| 15:10 | Crear | Hussite Wagon |
| 15:10 | Crear | Hussite Wagon |
| 15:10 | Crear | Hussite Wagon |
| 15:11 | Crear | Hussite Wagon |
| 15:11 | Crear | Hussite Wagon |
| 15:11 | Crear | Hussite Wagon |
| 15:12 | Crear | Hussite Wagon |
| 15:12 | Crear | Hussite Wagon |
| 15:12 | Crear | Hussite Wagon |
| 15:13 | Crear | Hussite Wagon |
Build order — elessar
Primeras 150 de 614 acciones detectadas
| 0:16 | Construir | House |
| 0:19 | Crear | Villager (Male) |
| 0:20 | Crear | Villager (Male) |
| 0:20 | Crear | Villager (Male) |
| 0:21 | Crear | Villager (Male) |
| 0:21 | Crear | Villager (Male) |
| 0:36 | Construir | House |
| 0:58 | Construir | House |
| 0:59 | Construir | House |
| 1:01 | Construir | House |
| 1:19 | Crear | Villager (Male) ×5 |
| 1:19 | Crear | Villager (Male) ×5 |
| 1:20 | Crear | Villager (Male) ×5 |
| 1:30 | Construir | Barracks |
| 1:53 | Construir | Archery Range |
| 1:59 | Crear | Militia ×5 |
| 1:59 | Crear | Militia ×5 |
| 2:00 | Crear | Militia ×5 |
| 2:00 | Crear | Militia ×5 |
| 2:16 | Construir | House |
| 2:17 | Construir | House |
| 2:18 | Construir | House |
| 2:19 | Construir | House |
| 2:20 | Construir | House |
| 2:21 | Construir | House |
| 2:22 | Construir | House |
| 2:22 | Construir | House |
| 2:23 | Construir | House |
| 2:24 | Construir | House |
| 2:25 | Construir | House |
| 2:25 | Construir | House |
| 2:26 | Construir | House |
| 2:51 | Construir | Barracks |
| 3:01 | Crear | Skirmisher ×5 |
| 3:02 | Crear | Skirmisher ×5 |
| 3:02 | Crear | Skirmisher ×5 |
| 3:26 | Construir | Castle |
| 3:28 | Construir | Castle |
| 3:32 | Construir | Castle |
| 3:48 | Construir | Barracks |
| 3:50 | Construir | Barracks |
| 3:52 | Construir | Barracks |
| 3:53 | Construir | Barracks |
| 4:14 | Crear | Militia |
| 4:15 | Crear | Militia |
| 4:15 | Crear | Militia |
| 4:15 | Crear | Militia |
| 4:16 | Crear | Militia |
| 4:16 | Crear | Militia |
| 4:16 | Crear | Militia |
| 4:17 | Crear | Militia |
| 4:17 | Crear | Militia |
| 4:18 | Crear | Militia |
| 4:18 | Crear | Militia |
| 4:18 | Crear | Militia |
| 4:19 | Crear | Militia |
| 4:19 | Crear | Militia |
| 4:19 | Crear | Militia |
| 4:20 | Crear | Militia |
| 4:20 | Crear | Militia |
| 4:21 | Crear | Militia |
| 4:21 | Crear | Militia |
| 4:21 | Crear | Militia |
| 4:22 | Crear | Militia |
| 4:22 | Crear | Militia |
| 4:22 | Crear | Militia |
| 4:23 | Crear | Militia |
| 4:23 | Crear | Militia |
| 4:24 | Crear | Militia |
| 4:24 | Crear | Militia |
| 4:25 | Crear | Militia |
| 4:25 | Crear | Militia |
| 4:25 | Crear | Militia |
| 4:26 | Crear | Militia |
| 4:26 | Crear | Militia |
| 4:27 | Crear | Militia |
| 4:27 | Crear | Militia |
| 4:27 | Crear | Militia |
| 5:01 | Crear | Villager (Male) ×5 |
| 5:01 | Crear | Villager (Male) ×5 |
| 5:25 | Crear | Militia |
| 5:25 | Crear | Militia |
| 5:26 | Crear | Militia |
| 5:26 | Crear | Militia |
| 5:26 | Crear | Militia |
| 5:27 | Crear | Militia |
| 5:27 | Crear | Militia |
| 5:27 | Crear | Militia |
| 5:28 | Crear | Militia |
| 5:29 | Crear | Militia |
| 5:29 | Crear | Militia |
| 5:30 | Crear | Militia |
| 5:30 | Crear | Militia |
| 5:30 | Crear | Militia |
| 5:31 | Crear | Militia |
| 5:31 | Crear | Militia |
| 5:31 | Crear | Militia |
| 5:32 | Crear | Militia |
| 5:32 | Crear | Militia |
| 5:33 | Crear | Militia |
| 5:33 | Crear | Militia |
| 5:33 | Crear | Militia |
| 5:34 | Crear | Militia |
| 5:34 | Crear | Militia |
| 5:35 | Crear | Militia |
| 5:35 | Crear | Militia |
| 5:35 | Crear | Militia |
| 5:36 | Crear | Militia |
| 5:36 | Crear | Militia |
| 5:36 | Crear | Militia |
| 5:37 | Crear | Militia |
| 5:37 | Crear | Militia |
| 5:38 | Crear | Militia |
| 5:38 | Crear | Militia |
| 5:38 | Crear | Militia |
| 5:39 | Crear | Militia |
| 5:39 | Crear | Militia |
| 5:39 | Crear | Militia |
| 5:40 | Crear | Militia |
| 5:40 | Crear | Militia |
| 5:41 | Crear | Militia |
| 5:41 | Crear | Militia |
| 5:41 | Crear | Militia |
| 5:42 | Crear | Militia |
| 5:42 | Crear | Militia |
| 5:43 | Crear | Militia |
| 5:43 | Crear | Militia |
| 5:43 | Crear | Militia |
| 5:44 | Crear | Militia |
| 5:44 | Crear | Militia |
| 5:44 | Crear | Militia |
| 5:45 | Crear | Militia |
| 5:45 | Crear | Militia |
| 5:46 | Crear | Militia |
| 5:46 | Crear | Militia |
| 5:46 | Crear | Militia |
| 5:47 | Crear | Militia |
| 5:47 | Crear | Militia |
| 5:48 | Crear | Militia |
| 5:48 | Crear | Militia |
| 5:48 | Crear | Militia |
| 5:49 | Crear | Militia |
| 5:49 | Crear | Militia |
| 5:49 | Crear | Militia |
| 5:50 | Crear | Militia |
| 5:50 | Crear | Militia |
| 5:51 | Crear | Militia |
| 5:51 | Crear | Militia |
| 5:51 | Crear | Militia |
| 5:52 | Crear | Militia |
Cronología de la partida
| 0:07 | umutcaningin · first_building Castle |
| 0:10 | Ryαn · first_building Castle |
| 0:14 | fahrettinerdem · first_building Monastery |
| 0:16 | Ryαn · first_building Stable |
| 0:20 | Peranofonte · first_building Monastery |
| 0:21 | fahrettinerdem · wall_segment Stone Wall x16 |
| 0:50 | pamukkale · wall_segment Stone Wall x30 |
| 1:30 | elessar · first_building Barracks |
| 1:53 | elessar · first_building Archery Range |
| 1:54 | Peranofonte · first_building Siege Workshop |
| 2:01 | CowMaster's Sidekick · first_market_buy 100 stone |
| 2:33 | Ryαn · first_building Monastery |
| 2:51 | fahrettinerdem · first_building Siege Workshop |
| 3:12 | pamukkale · wall_segment Stone Wall x3 |
| 3:26 | CowMaster22 · wall_segment Stone Wall x13 |
| 3:26 | elessar · first_building Castle |
| 3:36 | Ryαn · first_market_sell 100 wood |
| 4:19 | Ryαn · wall_segment Stone Wall x16 |
| 4:34 | CowMaster22 · first_building Siege Workshop |
| 5:10 | CowMaster's Sidekick · first_building Monastery |
| 5:12 | umutcaningin · first_building Monastery |
| 5:19 | CowMaster22 · wall_segment Stone Wall x4 |
| 5:31 | pamukkale · first_building Siege Workshop |
| 5:35 | umutcaningin · wall_segment Stone Wall x7 |
| 5:49 | CowMaster22 · first_building Monastery |
| 5:51 | umutcaningin · wall_segment Stone Wall x6 |
| 5:54 | CowMaster22 · wall_segment Stone Wall x6 |
| 5:55 | CowMaster22 · wall_segment Stone Wall x11 |
| 6:10 | CowMaster22 · first_building Castle |
| 6:34 | fahrettinerdem · wall_segment Stone Wall x4 |
| 6:34 | umutcaningin · wall_segment Stone Wall x1 |
| 6:43 | fahrettinerdem · wall_segment Stone Wall x8 |
| 7:00 | umutcaningin · wall_segment Stone Wall x1 |
| 7:09 | umutcaningin · wall_segment Stone Wall x1 |
| 7:13 | umutcaningin · wall_segment Stone Wall x1 |
| 7:18 | fahrettinerdem · wall_segment Stone Wall x1 |
| 7:51 | fahrettinerdem · wall_segment Stone Wall x5 |
| 8:59 | CowMaster's Sidekick · first_building Castle |
| 9:19 | CowMaster22 · wall_segment Stone Wall x8 |
| 9:22 | CowMaster's Sidekick · first_building Stable |
| 9:32 | CowMaster's Sidekick · first_building Siege Workshop |
| 9:32 | umutcaningin · first_building Siege Workshop |
| 9:47 | pamukkale · first_building Castle |
| 10:15 | CowMaster22 · wall_segment Palisade Wall x1 |
| 10:21 | CowMaster22 · wall_segment Palisade Wall x1 |
| 10:23 | CowMaster22 · wall_segment Palisade Wall x1 |
| 10:29 | Ryαn · first_building Siege Workshop |
| 10:29 | CowMaster22 · wall_segment Palisade Wall x1 |
| 10:30 | elessar · tribute_sent a jugador 1 |
| 10:30 | elessar · tribute_sent a jugador 2 |
| 10:30 | elessar · tribute_sent a jugador 3 |
| 10:30 | elessar · tribute_sent a jugador 4 |
| 10:30 | elessar · tribute_sent a jugador 5 |
| 10:30 | elessar · tribute_sent a jugador 6 |
| 10:30 | elessar · tribute_sent a jugador 7 |
| 10:34 | CowMaster22 · wall_segment Palisade Wall x1 |
| 10:48 | CowMaster22 · wall_segment Palisade Wall x1 |
| 10:59 | CowMaster22 · first_building Stable |
| 12:38 | Peranofonte · first_building Castle |
| 12:57 | fahrettinerdem · wall_segment Stone Wall x15 |
| 12:59 | fahrettinerdem · wall_segment Stone Wall x7 |
| 13:01 | umutcaningin · wall_segment Stone Wall x10 |
| 13:09 | fahrettinerdem · wall_segment Stone Wall x9 |
| 13:32 | umutcaningin · wall_segment Stone Wall x6 |
| 14:07 | umutcaningin · wall_segment Stone Wall x1 |
| 15:11 | Ryαn · wall_segment Stone Wall x18 |
| 15:19 | fahrettinerdem · first_building Castle |
| 15:45 | fahrettinerdem · first_building Stable |
| 15:47 | Ryαn · wall_segment Stone Wall x7 |
| 16:01 | elessar · tribute_sent a jugador 1 |
| 16:01 | elessar · tribute_sent a jugador 2 |
| 16:01 | elessar · tribute_sent a jugador 3 |
| 16:01 | elessar · tribute_sent a jugador 4 |
| 16:01 | elessar · tribute_sent a jugador 5 |
| 16:01 | elessar · tribute_sent a jugador 6 |
| 16:01 | elessar · tribute_sent a jugador 7 |
| 16:47 | CowMaster22 · wall_segment Stone Wall x7 |
| 16:53 | CowMaster22 · wall_segment Stone Wall x6 |
| 16:55 | CowMaster22 · wall_segment Stone Wall x1 |
| 17:28 | Ryαn · wall_segment Stone Wall x17 |
| 18:08 | umutcaningin · first_building Stable |
| 19:31 | CowMaster22 · wall_segment Stone Wall x17 |
| 22:15 | Ryαn · wall_segment Stone Wall x7 |
| 23:24 | fahrettinerdem · wall_segment Stone Wall x20 |
| 23:33 | fahrettinerdem · wall_segment Stone Wall x9 |
| 25:03 | umutcaningin · wall_segment Stone Wall x10 |
| 27:14 | Peranofonte · wall_segment Stone Wall x24 |
| 30:02 | Peranofonte · wall_segment Stone Wall x10 |
| 30:35 | elessar · resign |
| 32:05 | CowMaster22 · wall_segment Stone Wall x10 |
| 35:48 | Peranofonte · first_building Stable |
| 42:13 | Peranofonte · wall_segment Stone Wall x6 |
| 42:23 | fahrettinerdem · wall_segment Stone Wall x26 |
| 42:31 | fahrettinerdem · wall_segment Stone Wall x14 |
| 42:35 | fahrettinerdem · wall_segment Stone Wall x19 |
| 47:10 | CowMaster22 · wall_segment Stone Wall x17 |
| 47:12 | CowMaster22 · wall_segment Stone Wall x2 |
| 47:13 | CowMaster22 · wall_segment Stone Wall x10 |
| 47:33 | pamukkale · first_market_sell 100 food |
| 50:25 | fahrettinerdem · first_building Barracks |
| 55:25 | fahrettinerdem · wall_segment Stone Wall x32 |
| 55:33 | fahrettinerdem · wall_segment Stone Wall x9 |
| 55:40 | fahrettinerdem · wall_segment Stone Wall x15 |
| 56:06 | fahrettinerdem · wall_segment Stone Wall x159 |
| 61:51 | umutcaningin · wall_segment Stone Wall x32 |
| 65:03 | fahrettinerdem · wall_segment Stone Wall x1 |
| 74:38 | fahrettinerdem · wall_segment Stone Wall x59 |
| 74:45 | fahrettinerdem · wall_segment Stone Wall x3 |
| 74:51 | fahrettinerdem · wall_segment Stone Wall x9 |
| 74:58 | fahrettinerdem · first_market_buy 500 food |
| 76:15 | fahrettinerdem · wall_segment Stone Wall x1 |
| 76:48 | fahrettinerdem · wall_segment Stone Wall x27 |
| 76:55 | fahrettinerdem · wall_segment Stone Wall x7 |
| 77:11 | fahrettinerdem · wall_segment Stone Wall x10 |
| 80:33 | fahrettinerdem · wall_segment Stone Wall x1 |
| 80:53 | umutcaningin · wall_segment Stone Wall x49 |
| 83:07 | umutcaningin · wall_segment Stone Wall x6 |
| 85:14 | fahrettinerdem · wall_segment Stone Wall x8 |
| 85:18 | fahrettinerdem · wall_segment Stone Wall x1 |
| 87:40 | fahrettinerdem · wall_segment Stone Wall x1 |
| 89:38 | fahrettinerdem · wall_segment Stone Wall x3 |
| 94:29 | fahrettinerdem · wall_segment Stone Wall x1 |
| 94:44 | fahrettinerdem · wall_segment Stone Wall x6 |
| 94:53 | fahrettinerdem · wall_segment Stone Wall x21 |
| 95:03 | fahrettinerdem · wall_segment Stone Wall x4 |
| 95:14 | fahrettinerdem · wall_segment Stone Wall x21 |
| 98:40 | fahrettinerdem · wall_segment Stone Wall x35 |
| 102:41 | fahrettinerdem · wall_segment Stone Wall x1 |
[ ANÁLISIS IA · 1 CRÉDITO ]
¿Qué pasó realmente en esta partida?
Wolo.gg analiza cada decisión: build order, eco, micro, errores típicos por bracket. Análisis personalizado por WhatsApp o Discord en 30 segundos.
Guía civ
Jemeres
Perfil
CowMaster22